 Dungeon Crawl Stone Soup version bcrawl-1.23.3-19-gdc5968f444 (webtiles) character file.

Game seed: 8230575238838527392

180578 Morbidden the Brawler (level 17, 0/175 HPs)
             Began as a Troll Monk on June 9, 2020.
             Was a High Priest of Jiyva.
             Slain by a wolf spider (14 damage)
             ... on level 3 of the Spider Nest.
             The game lasted 01:32:18 (31235 turns).

Morbidden the Brawler (Troll Monk)                 Turns: 31235, Time: 01:32:18

Health: 0/175      AC: 19    Str: 26    XL:     17   Next: 31%
Magic:  0/28       EV: 17    Int: 13    God:    Jiyva [*****.]
Gold:   1431       SH:  0    Dex: 12    Spells: 25/32 levels left

rFire    . . .     SeeInvis +     - Unarmed
rCold    . . .     Gourm    +   (no shield)
rNeg     . . .     Faith    .   (armour unavailable)
rPois    .         Spirit   +   a - +1 hat
rElec    +         Reflect  .   K - +2 cloak of Shielding {Regen+ rCorr Str-3}
rCorr    +         Harm     .   (gloves unavailable)
MR       +....                  (boots unavailable)
Stlth    +++.......             w - amulet of guardian spirit
HPRegen  1.59/turn              C - ring of Dadi {rElec rC- Str+3 Slay+6 SInv}
MPRegen  0.21/turn              J - +4 ring of slaying

@: lethally poisoned (0 -> 0), marked, studying Dodging
A: large, almost no armour, unfitting armour, claws 3, thin skeletal structure
1, agile 1, cold resistance 1, deterioration 1, fast metabolism 3, gourmand,
regeneration 2, electricity resistance, tendrils, MP-powered wands, AC +12
}: 1/15 runes: slimy
a: Request Jelly, Evolve, Slimify, Cure Bad Mutation, Renounce Religion


You were on level 3 of the Spider Nest.
You worshipped Jiyva.
Jiyva was extremely pleased with you.
You were not hungry.

You visited 7 branches of the dungeon, and saw 30 of its levels.
You also visited: Sewer and Ossuary.

You collected 2706 gold pieces.
You spent 1275 gold pieces at shops.

Inventory:

Hand Weapons
 b - a +0 blowgun
Missiles
 f - 43 curare-tipped needles
 x - 72 needles of frenzy
 F - 573 large rocks
 G - 3246 stones (quivered)
 H - 4 throwing nets {!f}
 Z - 90 javelins
Armour
 a - a +1 hat (worn)
 K - the +2 cloak of Shielding (worn) {Regen+ rCorr Str-3}
   (You found it on level 5 of the Pits of Slime)

   It affects your strength (-3).
   It increases your rate of regeneration.
   It provides partial protection from all sources of acid and corrosion.
Jewellery
 o - the ring "Dewoc" {rC++ rN+ Dex+3}
   (You acquired it on level 3 of the Lair of Beasts)

   [ring of positive energy]

   It affects your dexterity (+3).
   It greatly protects you from cold.
   It protects you from negative energy.
 w - an amulet of guardian spirit (around neck)
 z - an uncursed ring of magical power
 C - the ring of Dadi (left claw) {rElec rC- Str+3 Slay+6 SInv}
   (You found it on level 5 of the Pits of Slime)

   [ring of insulation]

   It affects your strength (+3).
   It affects your accuracy and damage with ranged weapons and melee attacks
   (+6).
   It makes you vulnerable to cold.
   It insulates you from electricity.
   It lets you see invisible.
 D - the macabre finger necklace {rN+}
   (You found it on level 5 of the Pits of Slime)

   [amulet of nothing]

   It protects you from negative energy.
 J - a +4 ring of slaying (right claw)
 P - a +3 ring of evasion
 S - an uncursed ring of protection from fire
Wands
 j - a wand of paralysis (6)
 k - a wand of disintegration (23)
 Q - a wand of scattershot (7)
 T - a wand of clouds (7)
 U - a wand of iceblast (21)
 V - a wand of acid (14)
Scrolls
 c - 13 scrolls of remove curse
 i - 10 scrolls of teleportation
 p - 3 scrolls of fog
 q - 2 scrolls of blinking
 s - a scroll of enchant armour
 v - 3 scrolls of amnesia
 y - 4 scrolls of silence
 M - 4 scrolls of magic mapping
 Y - 2 scrolls of enchant weapon
Potions
 d - 4 potions of curing
 g - 5 potions of might
 l - 4 potions of magic
 m - 5 potions of haste
 n - 6 potions of heal wounds
 r - 3 potions of mutation
 t - 2 potions of flight
 u - a potion of ambrosia
 A - a potion of cancellation
 B - a potion of berserk rage
 E - a potion of agility
 I - a potion of resistance
 R - a potion of invisibility
 W - a potion of lignification
Books
 X - a manual of Dodging
Miscellaneous
 L - a box of beasts
 N - a lamp of fire
 O - a phantom mirror
Comestibles
 e - 40 rations {!d}


   Skills:
 * Level 12.8 Fighting
 + Level 2.2 Throwing
 * Level 14.2 Dodging
 + Level 5.2 Stealth
 + Level 20.8 Unarmed Combat
 + Level 8.0 Spellcasting
 * Level 2.5 Transmutations
 * Level 7.2 Invocations
 + Level 2.1 Evocations


You had 25 spell levels left.
You knew the following spells:

 Your Spells              Type           Power        Failure   Level  Hunger
a - Dragon Form           Tmut           ##.....      100%        7    #######

Your spell library contained the following spells:

 Spells                   Type           Power        Failure   Level  Hunger
 Shock                    Conj/Air       #....        14%         1    None
 Sting                    Conj/Pois      #...         14%         1    None
 Shackle                  Hex            #.......     21%         2    None
 Ignite Poison            Fire/Tmut/Pois #.......     28%         3    ##.....
 Conjure Flame            Conj/Fire      #.......     38%         3    ##.....
 Inner Flame              Hex/Fire       N/A          38%         3    ##.....
 Recall                   Summ/Tloc      N/A          38%         3    ##.....
 Spectral Weapon          Hex/Chrm       #.......     38%         3    ##.....
 Static Discharge         Air            #.......     38%         3    ##.....
 Cause Fear               Hex            #.........   80%         4    ####...
 Fulminant Prism          Conj/Hex       #.........   80%         4    ####...
 Aura of Abjuration       Summ           #.........   98%         5    #####..
 Lightning Bolt           Conj/Air       #.........   98%         5    #####..
 Summon Demon             Summ           #.........   98%         5    #####..
 Summon Forest            Summ/Tloc      #.........   98%         5    #####..
 Summon Mana Viper        Hex/Summ       #.......     98%         5    #####..
 Bolt of Fire             Conj/Fire      #.........   100%        6    #######
 Ozocubu's Refrigeration  Ice            #.........   100%        6    #######
 Shadow Creatures         Summ           N/A          100%        6    #######
 Haunt                    Necr/Summ      #.........   100%        7    #######
 Malign Gateway           Summ/Tloc      #.........   100%        7    #######
 Mana Rupture             Conj/Hex       #.........   100%        7    #######
 Monstrous Menagerie      Summ           #.........   100%        7    #######
 Summon Greater Demon     Summ           #.........   100%        7    #######
 Summon Horrible Things   Summ           #.........   100%        8    #######
 Dragon's Call            Summ           #.........   100%        9    #######
 Fire Storm               Conj/Fire      #.........   100%        9    #######


Dungeon Overview and Level Annotations

Branches:
Dungeon (12/12)            Temple (1/1) D:5            Lair (6/6) D:8
 Shoals (0/3) Lair:2       Spider (3/3) Lair:3        Slime (5/5) Lair:5
    Orc (1/1) D:8             Elf (0/3) Orc          Vaults (2/3) D:12
  Crypt (0/2) Vaults:2     Depths (0/5) D:12

Altars:
Ashenzari
Cheibriados
Dithmenos
Elyvilon
Fedhas
Gozag
Hepliaklqana
Kikubaaqudgha
Lugonu
Makhleb
Nemelex Xobeh
Okawaru
Qazlal
Ru
Sif Muna
Trog
Uskayaw
Vehumet
Wu Jian
Xom
Yredelemnul
Zin
The Shining One
Jiyva

Shops:
D:7 (   Orc %(![?   Vaults:1 ?   Vaults:2 :

Portals:
Hell: Lair:6

Annotations:
D:6 Eustachio
D:8 1 exclusion
D:9 2 transporters, tidbits's ghost, journeyman OnTm
Slime:5 Royal Jelly Orc 2 runed doors, exclusion: orange crystal statue


Innate Abilities, Weirdness & Mutations

You cannot wear most types of armour.
Your thick skin is tough. (AC +12)
You are too large for most types of armour.
You have claws for hands.
Your flesh is cold resistant. (rC+)
Your metabolism is lightning-fast.
You like to eat raw meat.
You heal very quickly.
You have a somewhat thin skeletal structure. (Dex +2, Stealth)
You are agile. (Dex +2)
Your body sometimes deteriorates upon taking damage.
You are resistant to electric shocks. (rElec)
You are covered in slimy tendrils that may disarm your opponents.
You expend magic power (3 MP) to strengthen your wands.


Message History

The wolf spider closely misses you.
The jumping spider rages.
The jumping spider leaps! x2
The demonic crawler hits you but does no damage.
The demonic crawler barely misses you. The demonic crawler misses you.
The wolf spider hits you!
* * * LOW HITPOINT WARNING * * *
The wolf spider bites you.
* * * LOW HITPOINT WARNING * * *
A wolf spider comes into view.
An emperor scorpion comes into view.
The jumping spider leaps! x2
The demonic crawler hits you but does no damage.
The demonic crawler misses you.
The demonic crawler hits you but does no damage.
Unknown command.
Unknown command.
You feel sick.
A hornet comes into view.
The jumping spider leaps!
The wolf spider hits you!
You die...

...#....##.... #ss#y...
.#...##.....##
...#..##..#..#..#.#.## #
#s#.....#.....^#..#.#. #.#
#ss#.#..#.###.#.#..#..
....
#s.#..#......#<#.#.#..
...#s..#...##..##.#^#.#..
..##yy#s#..#.........#...#
#..°#†#s@....#...#.......
#○.†#○#.#..#...#..#..#
#......#..#..#<.#.#.^^
#..#.#.#..##.#.#..###.
#.......#..#.#....#..#
...#.##..#....#..#...##
..#..#..(.##..#..#...).
.^...#.#.#...#†#..#.#..#
#..# ...###.....#...#..^.


You could see a demonic crawler, 2 wolf spiders, a hornet and a redback
(fleeing).

Vanquished Creatures
  A sphinx (Vaults:1)
  An emperor scorpion (Spider:2)
  A vault warden (Vaults:1)
  2 ironheart preservers
  A ghost moth (Spider:3)
  A ghoul (Vaults:1)
  A stone giant (Vaults:2)
  5 very ugly things (Vaults:2)
  A war gargoyle (Vaults:2)
  2 entropy weavers
  A deep elf demonologist (Vaults:1)
  A spark wasp (Spider:2)
  A crystal guardian (Vaults:2)
  Josephine (D:12)
  5 yaktaur captains
  Harold (D:9)
  Erolcha (D:10)
  4 vault guards (D:12)
  6 hydras
  3 death knights
  5 centaur warriors
  3 ogre magi
  10 two-headed ogres
  A tengu warrior (D:9)
  A death yak (Lair:6)
  The ghost of Freyura the Gouger, a journeyman FeBe of Trog (Lair:3)
  5 orc high priests (Orc)
  2 deep elf knights (Vaults:1)
  A sun demon (Lair:6)
  A skeletal warrior (D:9)
  A deep troll (Vaults:2)
  8 hell knights (Vaults:2)
  A shadow wraith (Vaults:2)
  An unseen horror (D:11)
  A deep elf archer (D:12)
  2 orange crystal statues (Spider:1)
  4 wizards
  2 lindwurms
  2 phantasmal warriors
  7 cyclopes
  2 ironbrand convokers
  2 wolf spider zombies
  5 orb spiders
  An oklob plant (Lair:2)
  10 wolf spiders
  A necromancer (Vaults:2)
  A deep elf mage (D:10)
  7 orc knights
  4 ugly things
  3 manticores
  An elephant (shapeshifter) (Vaults:1)
  5 vault sentinels
  A smoke demon (Lair:6)
  10 black mambas
  2 orange demons (Lair:6)
  15 cane toads
  2 centaur skeletons
  A yaktaur (shapeshifter) (D:11)
  7 rime drakes
  A demonic crawler (Spider:3)
  3 freezing wraiths (Vaults:1)
  6 komodo dragons
  7 yaktaurs (Vaults:1)
  10 jumping spiders
  Grinder (D:4)
  3 red devils (Lair:6)
  2 hornets
  9 trolls
  3 meliai (D:12)
  A queen bee (D:12)
  6 hippogriffs
  A polar bear (Lair:6)
  19 blink frogs
  12 dream sheep (Lair:6)
  Sigmund (D:6)
  27 redbacks
  4 spriggans
  6 tarantellas
  6 wraiths
  54 yaks
  5 basilisks
  2 wyverns
  2 hungry ghosts
  2 chaos spawn (D:8)
  A human (D:12)
  20 water moccasins
  6 crocodiles
  11 porcupines
  5 hell hounds (Lair:6)
  A phantom (D:5)
  6 ice beasts
  5 black bears
  A hornet zombie (D:12)
  A swamp drake (D:8)
  32 orc warriors
  2 sky beasts (D:9)
  12 centaurs
  17 ogres
  5 boggarts (Vaults:1)
  18 wolves
  12 bullfrogs
  Blork the orc (D:6)
  A gnoll sergeant (D:8)
  3 big kobolds
  2 elf skeletons (D:6)
  A wyvern zombie (D:7)
  3 scorpions
  14 killer bees (D:12)
  3 wights (D:6)
  3 electric eels (D:6)
  2 howler monkeys (D:12)
  5 bullfrog zombies
  5 centaur zombies
  4 crimson imps
  4 hounds
  3 jellies
  23 orc priests
  A bullfrog skeleton (D:9)
  12 orc wizards
  14 mummies (Ossuary)
  Terence (D:3)
  4 worker ants
  2 iguanas
  2 hound zombies (Ossuary)
  2 hound skeletons
  A howler monkey zombie (Ossuary)
  A worker ant zombie (Ossuary)
  21 adders
  7 river rats
  3 shadow imps
  6 oozes
  An adder skeleton (D:4)
  2 adder zombies
  3 worms
  3 dart slugs (D:1)
  8 leopard geckos
  84 orcs
  3 giant cockroaches
  5 goblins
  8 hobgoblins
  9 jackals
  8 quokkas
  18 ball pythons
  7 bats
  8 frilled lizards
  A jackal skeleton (D:6)
  13 kobolds
  2 orc skeletons (D:6)
  2 orc zombies (D:6)
  30 rats
  2 fungi (Lair:3)
  A plant (Lair:1)
899 creatures vanquished.

Vanquished Creatures (collateral kills)
  An acid blob (Vaults:2)
  A sphinx (Vaults:1)
  An orc warlord (Orc)
  Louise (Spider:2)
  2 emperor scorpions (Spider:1)
  5 very ugly things (Vaults:2)
  A stone giant (Vaults:2)
  An entropy weaver (Vaults:2)
  A deep elf death mage (Vaults:1)
  A yaktaur captain (Vaults:2)
  An ice dragon (Vaults:2)
  A centaur warrior (Vaults:1)
  A dancing weapon (Vaults:2)
  A death knight (Vaults:2)
  3 two-headed ogres (Vaults:2)
  3 hell knights (Vaults:2)
  An orange crystal statue (Spider:1)
  A necromancer (Vaults:2)
  2 ironbrand convokers (Vaults:2)
  An ugly thing (Vaults:2)
  4 wolf spiders
  2 orb spiders (Spider:2)
  2 deep elf magi
  A moth of wrath (Spider:1)
  4 vault sentinels
  A demonic crawler (Spider:2)
  A yaktaur (Vaults:1)
  2 jumping spiders
  3 hornets
  7 redbacks
  A yak (D:9)
  3 tarantellas
  2 orc warriors (Orc)
  2 boggarts
  4 orc priests (Orc)
  10 orcs (Orc)
79 creatures vanquished.

Vanquished Creatures (others)
  2 acid blobs
  An azure jelly (Vaults:1)
  An emperor scorpion (Spider:2)
  An entropy weaver (Spider:1)
  A great orb of eyes (Vaults:1)
  An ogre mage (Vaults:2)
  3 deep elf archers (Vaults:1)
  A cyclops (Vaults:1)
  A wolf spider (Spider:3)
  A deep elf mage (Vaults:1)
  A freezing wraith (Vaults:2)
  A jumping spider (Spider:3)
  7 slime creatures
  A blink frog (Lair:5)
  A tarantella (Spider:1)
  2 water moccasins (Lair:5)
  A human (D:6)
  2 boggarts (Vaults:1)
  20 jellies
  A crimson imp (D:9)
  An ooze (Orc)
  34 fungi
  26 plants
111 creatures vanquished.

Grand Total: 1089 creatures vanquished

Notes
Turn   | Place    | Note
-------+----------+-------------------------------------------
     0 | D:1      | Morbidden the Troll Monk began the quest for the Orb.
     0 | D:1      | Reached XP level 1. HP: 22/22 MP: 1/1
    63 | D:1      | Reached XP level 2. HP: 28/29 MP: 0/2
   378 | D:1      | Reached XP level 3. HP: 35/36 MP: 3/3
  1153 | D:2      | Reached skill level 1 in Spellcasting
  1329 | D:2      | Gained mutation: Your natural rate of healing is unusually
                  | fast. [Troll growth]
  1329 | D:2      | Reached XP level 4. HP: 42/44 MP: 4/4
  1426 | D:2      | Noticed an air elemental
  1428 | D:2      | Found a stormy altar of Qazlal.
  1429 | D:2      | Noticed a fire elemental
  1429 | D:2      | Noticed an earth elemental
  1429 | D:2      | Noticed a water elemental
  1924 | D:3      | Reached skill level 4 in Unarmed Combat
  1970 | D:3      | Reached XP level 5. HP: 37/53 MP: 3/5
  2227 | D:3      | Noticed Terence
  2233 | D:3      | Killed Terence
  2535 | D:4      | Found a glowing drain.
  2544 | D:4      | Reached XP level 6. HP: 61/61 MP: 7/7
  2565 | Sewer    | Entered a sewer
  2868 | Sewer    | Reached skill level 5 in Unarmed Combat
  2870 | Sewer    | Reached XP level 7. HP: 30/67 MP: 8/8
  3016 | D:4      | Noticed Grinder
  3027 | D:4      | Killed Grinder
  3450 | D:5      | Entered Level 5 of the Dungeon
  3705 | D:5      | Found a staircase to the Ecumenical Temple.
  3713 | D:5      | Reached skill level 6 in Unarmed Combat
  3713 | D:5      | Reached XP level 8. HP: 73/78 MP: 8/10
  3718 | Temple   | Entered the Ecumenical Temple
  4055 | D:5      | Found a hazy altar of Hepliaklqana.
  4055 | D:5      | Found a sparkling altar of Nemelex Xobeh.
  4238 | D:6      | Noticed Eustachio
  4242 | D:5      | Reached skill level 5 in Dodging
  4374 | D:6      | Found an ancient bone altar of Kikubaaqudgha.
  4388 | D:6      | Noticed Blork the orc
  4404 | D:6      | Killed Blork the orc
  4514 | D:6      | Found a sand-covered staircase.
  4526 | Ossuary  | Entered an ossuary
  4687 | Ossuary  | Reached skill level 7 in Unarmed Combat
  4951 | D:6      | Reached XP level 9. HP: 85/85 MP: 12/12
  5305 | D:6      | Noticed Sigmund
  5311 | D:6      | Killed Sigmund
  5315 | D:6      | Reached skill level 8 in Unarmed Combat
  5640 | D:7      | Found Loyssone's Weapon Emporium.
  5769 | D:7      | Found a basalt altar of Yredelemnul.
  5813 | D:7      | Found a blossoming altar of Fedhas.
  5833 | D:7      | Found a bloodstained altar of Trog.
  5833 | D:7      | Found a glowing silver altar of Zin.
  6003 | D:7      | Reached skill level 5 in Fighting
  6018 | D:7      | Noticed a troll
  6027 | D:7      | Killed a troll
  6027 | D:7      | Reached skill level 1 in Throwing
  6857 | D:8      | Found a staircase to the Lair.
  6866 | D:8      | Reached skill level 9 in Unarmed Combat
  6866 | D:8      | Reached XP level 10. HP: 96/96 MP: 15/15
  6985 | Lair:1   | Entered Level 1 of the Lair of Beasts
  7346 | Lair:2   | Found a runed translucent door.
  7347 | Lair:2   | Noticed Freyura's ghost (journeyman FeBe)
  7347 | Lair:2   | Identified the cursed +0 trident "Jigaesch" {pierce, Str+3
                  | Int-3 Dex+3}
  7384 | Lair:2   | Reached skill level 10 in Unarmed Combat
  7714 | Lair:3   | Identified An Early Guide to Spellweaving
  7922 | Lair:3   | Gained mutation: Your flesh is cold resistant. (rC+)
                  | [potion of mutation]
  7922 | Lair:3   | Gained mutation: You are resistant to electric shocks.
                  | (rElec) [potion of mutation]
  8068 | Lair:3   | Found a hole to the Spider Nest.
  8097 | Lair:3   | Reached XP level 11. HP: 89/105 MP: 17/17
  8188 | Lair:3   | Identified a scroll of acquirement
  8188 | Lair:3   | Identified the ring "Dewoc" {rC++ rN+ Dex+3} (You acquired
                  | it on level 3 of the Lair of Beasts)
  8251 | Lair:3   | Noticed Sonja
  8252 | Lair:3   | Noticed Sonja
  8252 | Lair:3   | Sonja changed into Sonja the ogre
  8259 | Lair:3   | Killed Sonja the ogre
  8301 | Lair:3   | Reached skill level 5 in Spellcasting
  9224 | Lair:5   | Noticed a lindwurm
  9233 | Lair:5   | Killed a lindwurm
  9352 | Lair:5   | Found a viscous altar of Jiyva.
  9352 | Lair:5   | Found a staircase to the Slime Pits.
  9411 | Lair:5   | Became a worshipper of Jiyva Juostroe the Shapeless
  9411 | Lair:5   | Reached ** piety under Jiyva
  9465 | Lair:5   | Reached *** piety under Jiyva
  9670 | Lair:5   | Noticed a six-headed hydra
  9713 | Lair:5   | Killed a six-headed hydra
  9825 | Lair:5   | Reached skill level 11 in Unarmed Combat
  9829 | Lair:5   | Gained mutation: You have a small jelly attached to you
                  | that may absorb incoming projectiles. [Jiyva's grace]
 10136 | Lair:4   | Reached skill level 1 in Evocations
 10308 | Lair:4   | Gained mutation: You heal very quickly. [Troll growth]
 10308 | Lair:4   | Reached XP level 12. HP: 110/118 MP: 17/19
 10876 | Lair:4   | Gained mutation: Your spells are a little easier to cast,
                  | but a little less powerful. [Jiyva's grace]
 10907 | Lair:4   | Found the +8 whip "Snakebite" {curare, rPois}
 13532 | Lair:2   | Found a staircase to the Shoals.
 13574 | Lair:2   | Reached skill level 12 in Unarmed Combat
 13592 | Lair:2   | Noticed a seven-headed hydra
 15193 | Lair:2   | Killed a seven-headed hydra
 15386 | Lair:2   | Reached skill level 10 in Dodging
 15832 | Lair:2   | Gained mutation: Your translucent skin slightly reduces
                  | your foes' accuracy. (Stealth) [Jiyva's grace]
 15838 | Lair:3   | Reached **** piety under Jiyva
 15855 | Lair:3   | Killed Freyura's ghost
 16950 | Lair:6   | Entered Level 6 of the Lair of Beasts
 17008 | Lair:6   | Reached XP level 13. HP: 49/128 MP: 13/21
 17196 | Lair:6   | Reached skill level 13 in Unarmed Combat
 17491 | Lair:6   | Gained mutation: You are covered in slimy tendrils that may
                  | disarm your opponents. [Jiyva's grace]
 18027 | Lair:6   | Reached ***** piety under Jiyva
 18035 | Lair:6   | Found a large runed door.
 18035 | Lair:6   | Found a large runed door.
 18332 | Lair:6   | Found a burning altar of Makhleb.
 18345 | Lair:6   | Reached skill level 14 in Unarmed Combat
 18373 | Lair:6   | Gained mutation: Your translucent skin reduces your foes'
                  | accuracy. (Stealth) [Jiyva's grace]
 18407 | Lair:6   | Found a gateway to Hell.
 18866 | D:8      | Found a staircase to the Orcish Mines.
 19090 | D:8      | Found the +7 mace of Variability {chain chaos}
 19090 | D:8      | Found a shimmering altar of Xom.
 19139 | D:8      | Lost mutation: You are covered in slimy tendrils that may
                  | disarm your opponents. [Jiyva's grace]
 19984 | D:9      | Found a radiant altar of Vehumet.
 19988 | D:9      | Reached skill level 10 in Fighting
 20010 | D:9      | Reached XP level 14. HP: 84/143 MP: 15/23
 20054 | D:9      | Noticed Harold
 20081 | D:9      | Killed Harold
 20171 | D:9      | Found the +8 arc blade {discharge, rElec}
 20181 | D:9      | Gained mutation: You have a somewhat thin skeletal
                  | structure. (Dex +2, Stealth) [Jiyva's grace]
 20239 | D:9      | Found a sacrificial altar of Ru.
 20631 | D:9      | Found a transporter.
 20690 | D:9      | Noticed tidbits's ghost (journeyman OnTm)
 20709 | D:9      | Found a transporter.
 20797 | D:10     | Entered Level 10 of the Dungeon
 20902 | D:10     | Identified the amulet of Cujau {Acrobat *Corrode rPois
                  | Slay+3} (You acquired it on level 10 of the Dungeon)
 20907 | D:10     | Identified the amulet of Wam Anwo {Faith rElec Int+4} (You
                  | acquired it on level 10 of the Dungeon)
 20916 | D:10     | Identified the ring "Paosm" {+Fly rN+} (You acquired it on
                  | level 10 of the Dungeon)
 20938 | D:10     | Gained mutation: You expend magic power (3 MP) to
                  | strengthen your wands. [Jiyva's grace]
 21024 | D:10     | Noticed Erolcha
 21031 | D:10     | Killed Erolcha
 21101 | D:10     | Identified the ring of Dyutsoec {*Slow +Fly rElec SInv}
                  | (You found it on level 10 of the Dungeon)
 21257 | D:10     | Reached skill level 15 in Unarmed Combat
 21800 | D:11     | Gained mutation: You are covered in slimy tendrils that may
                  | disarm your opponents. [Jiyva's grace]
 21896 | D:11     | Reached ****** piety under Jiyva
 22222 | D:12     | Entered Level 12 of the Dungeon
 22246 | D:12     | Reached skill level 16 in Unarmed Combat
 22267 | D:12     | Noticed Josephine
 22280 | D:12     | Killed Josephine
 22762 | Slime:1  | Entered Level 1 of the Pits of Slime
 22867 | Slime:1  | Noticed an acid blob
 22869 | Slime:1  | Noticed an acid blob
 22934 | Slime:1  | Noticed an azure jelly
 22950 | Slime:1  | Noticed an azure jelly
 22988 | Slime:1  | Noticed an azure jelly
 23061 | Slime:1  | Noticed an acid blob
 23070 | Slime:2  | Noticed an acid blob
 23076 | Slime:2  | Noticed an azure jelly
 23087 | Slime:3  | Noticed an acid blob
 23104 | Slime:5  | Entered Level 5 of the Pits of Slime
 23104 | Slime:5  | Noticed an acid blob
 23114 | Slime:5  | Noticed an acid blob
 23123 | Slime:5  | Found a viscous altar of Jiyva.
 23123 | Slime:5  | Noticed the Royal Jelly
 23124 | Slime:5  | Noticed an acid blob
 23124 | Slime:5  | Noticed an acid blob
 23124 | Slime:5  | Noticed an acid blob
 23126 | Slime:5  | Found the macabre finger necklace {rN+}
 23126 | Slime:5  | Noticed an acid blob
 23130 | Slime:5  | Got a polished cloak
 23132 | Slime:5  | Identified the +2 cloak of Shielding {Regen+ rCorr Str-3}
                  | (You found it on level 5 of the Pits of Slime)
 23132 | Slime:5  | Got a slimy rune of Zot
 23136 | Slime:5  | Noticed an acid blob
 23136 | Slime:5  | Noticed an acid blob
 23137 | Slime:5  | Noticed an acid blob
 23139 | Slime:5  | Identified the Compendium of Damage Dealing
 23148 | Slime:5  | Identified the Guide on Congealing Curses
 23181 | Slime:5  | Identified the ring of Dadi {rElec rC- Str+3 Slay+6 SInv}
 23206 | Slime:5  | Identified the +3 short sword of Infinity {pierce, rElec
                  | Int-5 Dex+7 SInv}
 23219 | Slime:5  | Identified the cursed +0 great mace of Peheug {vamp, *Drain
                  | Int+8}
 23231 | Slime:5  | Noticed an acid blob
 23241 | Slime:5  | Noticed an azure jelly
 23324 | Slime:5  | Noticed an azure jelly
 23329 | Slime:5  | Noticed an acid blob
 23462 | Slime:4  | Noticed an acid blob
 23470 | Slime:3  | Noticed an acid blob
 23482 | Slime:2  | Noticed an acid blob
 23487 | Slime:2  | Noticed an azure jelly
 23491 | Slime:1  | Noticed an acid blob
 23932 | D:12     | Lost mutation: Your spells are a little easier to cast, but
                  | a little less powerful. [Jiyva's power]
 23940 | D:12     | Gained mutation: You have large cloven feet. [Jiyva's
                  | grace]
 24053 | D:12     | Reached skill level 17 in Unarmed Combat
 24053 | D:12     | Reached XP level 15. HP: 147/153 MP: 22/25
 24190 | D:12     | Found a staircase to the Depths.
 24268 | D:12     | Lost mutation: Your flesh is cold resistant. (rC+) [Jiyva's
                  | grace]
 24290 | D:12     | Found a gate to the Vaults.
 25069 | Orc      | Entered the Orcish Mines
 25080 | Orc      | Found Huggyas's Magic Scroll Shoppe.
 25081 | Orc      | Noticed an orc warlord
 25082 | Orc      | Found a runed door.
 25098 | Orc      | Killed an orc warlord
 25115 | Orc      | Bought a scroll of magic mapping for 59 gold pieces
 25262 | Orc      | Found a staircase to the Elven Halls.
 25373 | Orc      | Reached skill level 18 in Unarmed Combat
 25436 | Orc      | Found a radiant altar of Vehumet.
 25569 | Orc      | Gained mutation: You are agile. (Dex +2) [Jiyva's grace]
 25975 | Orc      | Found Fiqol's Armour Emporium.
 25975 | Orc      | Found Hirphokei's Food Emporium.
 25976 | Orc      | Found Aliekeic's Distillery.
 25976 | Orc      | Found Rusekh's Weapon Emporium.
 25990 | Orc      | Bought 46 large rocks for 46 gold pieces
 26081 | Orc      | Found a runed door.
 26340 | Vaults:1 | Entered Level 1 of the Vaults
 26345 | Vaults:1 | Lost mutation: Your translucent skin reduces your foes'
                  | accuracy. (Stealth) [Jiyva's grace]
 26529 | Vaults:1 | Noticed a sphinx
 26536 | Vaults:1 | Killed a sphinx
 26536 | Vaults:1 | Reached skill level 19 in Unarmed Combat
 26594 | Vaults:1 | Found Myedath's Magic Scroll Emporium.
 26647 | Vaults:1 | Noticed an acid blob
 26647 | Vaults:1 | an ironheart preserver changed into an acid blob
 26653 | Vaults:1 | Noticed an azure jelly
 26653 | Vaults:1 | a deep elf knight changed into an azure jelly
 26853 | Vaults:1 | Noticed a sphinx
 26858 | Vaults:1 | Killed a sphinx
 26982 | Vaults:1 | Lost mutation: You have large cloven feet. [Jiyva's grace]
 27183 | Vaults:1 | Identified the +7 quarterstaff "Odabeh" {pain, rN+}
 27186 | Vaults:1 | Noticed a vault warden
 27193 | Vaults:1 | Gained mutation: Your flesh is cold resistant. (rC+) [Troll
                  | growth]
 27193 | Vaults:1 | Reached XP level 16. HP: 165/165 MP: 27/27
 27200 | Vaults:1 | Reached skill level 5 in Invocations
 27894 | Vaults:2 | Found a shimmering blue altar of Sif Muna.
 28169 | Vaults:2 | Reached skill level 20 in Unarmed Combat
 28181 | Vaults:2 | Gained mutation: You have pseudopods that can do melee
                  | attacks. [Jiyva's grace]
 28245 | Vaults:2 | Was placed under penance by Jiyva
 28473 | Vaults:2 | Found Istrubais's Book Boutique.
 28481 | Vaults:2 | Bought a book of the Dragon for 1170 gold pieces
 28489 | Vaults:2 | Learned a level 7 spell: Dragon Form
 28589 | Vaults:2 | Found a staircase to the Crypt.
 28669 | Vaults:2 | Reached skill level 1 in Transmutations
 28790 | Vaults:2 | Lost mutation: You are covered in slimy tendrils that may
                  | disarm your opponents. [the vengeance of Jiyva]
 28807 | Vaults:2 | Gained mutation: You are frail. (-10% HP) [mutagenic glow]
 28844 | Vaults:2 | Gained mutation: You occasionally shout uncontrollably at
                  | your foes. [mutagenic glow]
 29462 | D:9      | Gained mutation: Your body sometimes deteriorates upon
                  | taking damage. [the vengeance of Jiyva]
 29462 | D:9      | Lost mutation: You have pseudopods that can do melee
                  | attacks. [the vengeance of Jiyva]
 29563 | Spider:1 | Entered Level 1 of the Spider Nest
 29654 | Spider:1 | Lost mutation: Your translucent skin slightly reduces your
                  | foes' accuracy. (Stealth) [the vengeance of Jiyva]
 29655 | Spider:1 | Reached skill level 5 in Stealth
 29735 | Spider:1 | Lost mutation: You have a small jelly attached to you that
                  | may absorb incoming projectiles. [the vengeance of Jiyva]
 29794 | Spider:1 | Was forgiven by Jiyva
 29848 | Spider:1 | Lost mutation: You are frail. (-10% HP) [Jiyva's power]
 29926 | Spider:1 | Identified the ring of the Twenty Yaks {+Fly rElec rF+
                  | Stlth-}
 30003 | Spider:1 | Lost mutation: You occasionally shout uncontrollably at
                  | your foes. [Jiyva's grace]
 30416 | Spider:2 | Reached XP level 17. HP: 175/175 MP: 26/28
 30464 | Spider:2 | Noticed Louise
 30475 | Spider:2 | Killed Louise
 30684 | Spider:2 | Gained mutation: You are covered in slimy tendrils that may
                  | disarm your opponents. [Jiyva's grace]
 31083 | Spider:3 | Entered Level 3 of the Spider Nest
 31235 | Spider:3 | Slain by a wolf spider

Skill      XL: |  1  2  3  4  5  6  7  8  9 10 11 12 13 14 15 16 17 |
---------------+----------------------------------------------------+-----
Spellcasting   | 1 2 3 4 5 6 7 8 |  8.0
Unarmed Combat | 4 5 6 7 9 10 11 12 14 17 19 20 | 20.8
Fighting       | 3 4 5 6 7 8 10 11 12 | 12.8
Dodging        | 3 4 5 6 7 9 10 11 12 13 14 | 14.2
Stealth        | 2 3 4 5 |  5.2
Throwing       | 1 2 |  2.2
Evocations     | 1 2 |  2.1
Invocations    | 3 4 6 7 |  7.2
Transmutations | 1 2 |  2.5

Action                   |  1- 3 |  4- 6 |  7- 9 | 10-12 | 13-15 | 16-18 || total
-------------------------+-------+-------+-------+-------+-------+-------++-------
Melee: Unarmed           |   107 |   208 |   354 |   609 |  1074 |   325 ||  2677
       Punch             |     1 |     2 |    18 |    38 |    87 |    47 ||   193
       Kick              |       |       |       |       |   100 |       ||   100
       Pseudopods        |       |       |       |       |       |    27 ||    27
 Fire: Blowgun           |       |       |       |       |     1 |       ||     1
Throw: Large rock        |       |       |     6 |     1 |     9 |       ||    16
       Stone             |       |       |     5 |    17 |    57 |     2 ||    81
Invok: Evolve            |       |       |       |     1 |       |     2 ||     3
       Request Jelly     |       |       |       |     4 |     3 |       ||     7
       Slimify           |       |       |       |       |     5 |     2 ||     7
       Cure Bad Mutation |       |       |       |       |     1 |     1 ||     2
Evoke: Wand              |       |       |     6 |     9 |     8 |       ||    23
       Lamp of fire      |       |       |       |     2 |     4 |     1 ||     7
  Use: Scroll            |       |     5 |     2 |    17 |     8 |     2 ||    34
       Potion            |       |     6 |       |     6 |     3 |     3 ||    18
 Stab: Sleeping          |     5 |     7 |    12 |     3 |    14 |     8 ||    49
       Distracted        |       |       |     1 |     1 |     6 |     9 ||    17
       Paralysed         |       |       |     1 |       |       |       ||     1
  Eat: Chunk             |    14 |    10 |    25 |    41 |    76 |    17 ||   183
       Ration            |       |       |       |     5 |       |       ||     5
Armor: Skin              |    22 |   105 |   101 |   181 |   324 |   142 ||   875
Dodge: Dodged            |    48 |   146 |   213 |   496 |   857 |   249 ||  2009
